 Dungeon Crawl Stone Soup version 0.31-a0-229-g1fc7ce93e2 (webtiles) character file.

Game seed: 13120855666783899373

763 qw the Shooter (level 7, -6/59 HPs)
             Began as a Minotaur Hexslinger on July 6, 2023.
             Was a Follower of Okawaru.
             Killed from afar by a kobold brigand (14 damage)
             ... with a bolt of light
             ... on level 5 of the Dungeon.
             The game lasted 00:01:36 (3864 turns).

qw the Shooter (Minotaur Hexslinger)                Turns: 3864, Time: 00:01:37

Health: -6/59      AC:  6    Str: 12    XL:     7   Next: 51%
Magic:  6/8        EV: 15    Int: 10    God:    Okawaru [*.....]
Gold:   291        SH:  0    Dex: 21    Spells: 7/8 levels left

rFire   . . .        Y - +1 sling (heavy)
rCold   . . .        (no shield)
rNeg    . . .        i - +0 ring mail
rPois   .            (helmet restricted)
rElec   .            (no cloak)
rCorr   +            (no gloves)
SInv    .            (no boots)
Will    .....        (no amulet)
Stlth   +            e - ring of resist corrosion
HPRegen 0.29/turn    h - +6 ring of dexterity
MPRegen 0.11/turn

%: no passive effects
@: confused, heroic
A: horns 2, retaliatory headbutt
a: Renounce Religion, Heroism


You were on level 5 of the Dungeon.
You worshipped Okawaru.
Okawaru was aware of your devotion.
You visited 1 branch of the dungeon, and saw 5 of its levels.

You collected 347 gold pieces.
You spent 56 gold pieces at shops.


Innate Abilities, Weirdness & Mutations

You have a pair of horns on your head.
You reflexively headbutt those who attack you in melee.


   Skills:
 - Level 4.2(9.2) Fighting
 + Level 7.3(12.3) Ranged Weapons
 - Level 1.1(6.1) Armour
 - Level 3.0(8.0) Dodging
 - Level 1.0 Spellcasting
 - Level 2.0 Hexes
 + Level 3.1 Invocations


You had 7 spell levels left.
You knew the following spells:

 Your Spells              Type           Power      Damage    Failure   Level
a - Slow                  Hex            16%        N/A       30%         1

Your spell library contained the following spells:

 Spells                   Type           Power      Damage    Failure   Level
 Inner Flame              Hex/Fire       2%         N/A       80%         3
 Portal Projectile        Hex/Tloc       4%         N/A       80%         3
 Cause Fear               Hex            2%         N/A       97%         4

Inventory:

Hand Weapons
 Y - a +1 heavy sling (weapon)
Armour
 i - a +0 ring mail (worn)
Jewellery
 e - a ring of resist corrosion (left hand)
 h - a +6 ring of dexterity (right hand)
Scrolls
 d - a scroll of enchant armour
 j - a scroll of identify
Potions
 b - a potion of ambrosia {unknown}
 c - a potion of haste {unknown}
 f - a potion of enlightenment {unknown}
 g - a potion of attraction {unknown}
 k - a potion of might {unknown}

Dungeon Overview and Level Annotations

Branches:
Dungeon (5/15)
 Temple: D:4-7

Altars:
Makhleb
Okawaru

Shops:
D:1 ?   D:2 [


Message History

A kobold comes into view. It is wielding a +0 club.
The kobold brigand zaps a wand.
The bolt of light misses you.
3858 ||| INVOKING Heroism.
You gain the combat prowess of a mighty hero.
You feel sick.
A kobold comes into view. It is wielding a +0 club.
You shoot a sling bullet.
The sling bullet closely misses the kobold brigand.
The kobold shouts! x2
The sling bullet hits the kobold.
The kobold is severely wounded.
You feel sick.
You shoot a sling bullet.
The sling bullet hits the kobold brigand but does no damage.
The kobold brigand is moderately wounded.
You feel sick.
A kobold comes into view. It is wielding a +0 dagger.
The kobold brigand zaps a wand.
The bolt of light hits you.
You are confused.
A kobold comes into view. It is wielding a +0 whip.
You feel sick. The kobold brigand closely misses you.
You feel sick. The kobold misses you. The kobold hits you but does no damage.
The kobold brigand zaps a wand.
The bolt of light misses you.
You feel less confused.
You feel sick. The kobold hits you but does no damage.
The kobold completely misses you. You furiously retaliate!
You headbutt the kobold!
You kill the kobold!
The kobold brigand hits you but does no damage.
You shoot a sling bullet. The sling bullet hits the kobold!
You kill the kobold!
Okawaru accepts your kill.
You feel sick.
You are no longer poisoned.
The kobold brigand hits you with a +0 dagger.
A kobold breaks down the door.
A kobold comes into view.
It is wielding a +0 whip and quivering poisoned darts.
The kobold brigand zaps a wand.
The bolt of light hits you!
You are confused.
You die...

..........#...###+##
.. ..........#...##
..........'....#
.........#....#
##......#....#
#......#....#
#......#....#
#.K))..#....#
#..K@..######
.....#K#### ...K..#.
..... #. ..... #.
K... #. .... #. #.


You could see a kobold brigand and 3 kobolds.

Vanquished Creatures
  An ogre (D:5)
  2 scorpions
  4 wights
  2 jellies (D:5)
  A hound (D:5)
  An orc priest (D:4)
  Terence (D:3)
  Robin (D:2)
  8 adders
  A worm (D:5)
  2 dart slugs
  9 orcs
  6 bats
  8 endoplasms
  4 giant cockroaches
  14 goblins
  11 hobgoblins
  8 jackals
  8 kobolds
  4 quokkas
  4 ball pythons
  6 frilled lizards
  3 rats
109 creatures vanquished.

Notes
Turn   | Place    | Note
-------+----------+-------------------------------------------
     0 | D:1      | qw the Minotaur Hexslinger began the quest for the Orb.
     0 | D:1      | Reached XP level 1. HP: 16/16 MP: 1/1
     0 | D:1      | 0 ||| qw: Version: 0.3-a-46-gb1f654a
     0 | D:1      | 0 ||| qw: Game counter: 1703
     0 | D:1      | 0 ||| qw: Melee chars always use a shield: true
     0 | D:1      | 0 ||| qw: God list: Okawaru
     0 | D:1      | 0 ||| qw: Allow faded altars: false
     0 | D:1      | 0 ||| qw: Do Orc after clearing Dungeon:15 true
     0 | D:1      | 0 ||| qw: Do second Lair branch before Depths: true
     0 | D:1      | 0 ||| qw: Lair rune preference: random
     0 | D:1      | 0 ||| qw: Goals: Normal
     0 | D:1      | 0 ||| PLANNING D:1-11
   120 | D:1      | Reached skill level 3 in Ranged Weapons
   120 | D:1      | Reached XP level 2. HP: 23/23 MP: 2/2
   155 | D:1      | 155 ||| FLEEEEING.
   156 | D:1      | 156 ||| FLEEEEING.
   157 | D:1      | 157 ||| FLEEEEING.
   158 | D:1      | 158 ||| FLEEEEING.
   159 | D:1      | 159 ||| FLEEEEING.
   160 | D:1      | 160 ||| FLEEEEING.
   199 | D:1      | Found Dusema's Magic Scroll Boutique.
   208 | D:1      | 208 ||| SHOPLISTING 3 scrolls of identify (84 gold, have
                  | 8).
   208 | D:1      | 208 ||| SHOPLISTING scroll of brand weapon (133 gold, have
                  | 8).
   208 | D:1      | 208 ||| SHOPLISTING scroll of identify (28 gold, have 8).
   491 | D:1      | Reached XP level 3. HP: 29/29 MP: 3/3
   729 | D:1      | 729 ||| DROPPING scroll of poison.
   905 | D:2      | Reached skill level 4 in Ranged Weapons
   922 | D:2      | 922 ||| FLEEEEING.
   923 | D:2      | 923 ||| FLEEEEING.
   924 | D:2      | 924 ||| FLEEEEING.
  1066 | D:2      | Found a faded altar of an unknown god.
  1228 | D:2      | Reached XP level 4. HP: 24/36 MP: 4/4
  1242 | D:2      | 1242 ||| FLEEEEING.
  1337 | D:2      | Noticed Robin
  1353 | D:2      | Killed Robin
  1355 | D:2      | 1355 ||| FLEEEEING.
  1356 | D:2      | 1356 ||| FLEEEEING.
  1357 | D:2      | 1357 ||| FLEEEEING.
  1358 | D:2      | 1358 ||| FLEEEEING.
  1359 | D:2      | 1359 ||| FLEEEEING.
  1360 | D:2      | 1360 ||| FLEEEEING.
  1361 | D:2      | 1361 ||| FLEEEEING.
  1362 | D:2      | 1362 ||| FLEEEEING.
  1363 | D:2      | 1363 ||| FLEEEEING.
  1364 | D:2      | 1364 ||| FLEEEEING.
  1365 | D:2      | 1365 ||| FLEEEEING.
  1366 | D:2      | 1366 ||| FLEEEEING.
  1367 | D:2      | 1367 ||| FLEEEEING.
  1368 | D:2      | 1368 ||| FLEEEEING.
  1369 | D:2      | 1369 ||| FLEEEEING.
  1370 | D:2      | 1370 ||| FLEEEEING.
  1371 | D:2      | 1371 ||| FLEEEEING.
  1372 | D:2      | 1372 ||| FLEEEEING.
  1373 | D:2      | 1373 ||| FLEEEEING.
  1374 | D:2      | 1374 ||| FLEEEEING.
  1375 | D:2      | 1375 ||| FLEEEEING.
  1376 | D:2      | 1376 ||| FLEEEEING.
  1377 | D:2      | 1377 ||| FLEEEEING.
  1378 | D:2      | 1378 ||| FLEEEEING.
  1379 | D:2      | 1379 ||| FLEEEEING.
  1380 | D:2      | 1380 ||| FLEEEEING.
  1381 | D:2      | 1381 ||| FLEEEEING.
  1382 | D:2      | 1382 ||| FLEEEEING.
  1383 | D:2      | 1383 ||| FLEEEEING.
  1384 | D:2      | 1384 ||| FLEEEEING.
  1385 | D:2      | 1385 ||| STAIRDANCE
  1397 | D:1      | 1397 ||| UPGRADING to +0 leather armour.
  1407 | D:1      | 1407 ||| DROPPING +0 robe.
  1410 | D:2      | 1410 ||| STAIRDANCE
  1495 | D:2      | Reached skill level 5 in Ranged Weapons
  1688 | D:2      | Found Jiunt's Armour Shop.
  1698 | D:2      | 1698 ||| BUYING +0 ring mail (56 gold).
  1698 | D:2      | Bought a +0 ring mail for 56 gold pieces
  1698 | D:2      | 1698 ||| SHOPLISTING +1 pair of gloves of stealth (231
                  | gold, have 35).
  1698 | D:2      | 1698 ||| SHOPLISTING +2 pair of boots of rampaging (301
                  | gold, have 35).
  1708 | D:2      | 1708 ||| Stepping ~*~*~tactically~*~*~ (outnumbered).
  1804 | D:2      | 1804 ||| UPGRADING to +0 ring mail.
  1814 | D:2      | 1814 ||| DROPPING +0 leather armour.
  1815 | D:2      | 1815 ||| READING scroll labelled CAECAH ESYDETH.
  1816 | D:2      | 1816 ||| READING scroll labelled ZAONAF QYCSAOWNOCW.
  1875 | D:3      | Found an iron altar of Okawaru.
  1876 | D:3      | 1876 ||| PLANNING OKAWARU WORSHIP
  1876 | D:3      | 1876 ||| DRINKING 2 fuming pink potions.
  1929 | D:3      | 1929 ||| DROPPING potion of lignification.
  1933 | D:3      | Became a worshipper of Warmaster Okawaru
  1934 | D:3      | 1934 ||| PLANNING D:1-11
  2022 | D:3      | Reached skill level 1 in Armour
  2388 | D:3      | Reached XP level 5. HP: 39/44 MP: 5/5
  2392 | D:3      | Reached skill level 3 in Fighting
  2464 | D:3      | Noticed Terence
  2473 | D:3      | Killed Terence
  2689 | D:3      | 2689 ||| UPGRADING to ring of resist corrosion.
  2690 | D:3      | 2690 ||| UPGRADING to +6 ring of dexterity.
  2691 | D:3      | 2691 ||| READING scroll labelled KAXANA BASO.
  2787 | D:4      | Reached skill level 6 in Ranged Weapons
  2942 | D:4      | Reached XP level 6. HP: 51/51 MP: 6/6
  3432 | D:4      | 3432 ||| READING 2 scrolls labelled UMOORA XAFECRE.
  3433 | D:4      | 3433 ||| READING scroll labelled VUEXOU ROORUN.
  3434 | D:4      | 3434 ||| DRINKING 2 red potions.
  3450 | D:5      | Entered Level 5 of the Dungeon
  3455 | D:5      | 3455 ||| STAIRDANCE
  3460 | D:4      | Reached * piety under Okawaru
  3460 | D:4      | HP: 10/47 [wight/+3 short sword (7)]
  3460 | D:4      | HP: 3/45 [wight/+3 short sword (6)]
  3461 | D:4      | 3461 ||| INVOKING Heroism.
  3640 | D:5      | Reached skill level 1 in Invocations
  3642 | D:5      | Reached skill level 7 in Ranged Weapons
  3642 | D:5      | Reached XP level 7. HP: 59/59 MP: 7/7
  3689 | D:5      | Found a burning altar of Makhleb.
  3703 | D:5      | 3703 ||| INVOKING Heroism.
  3759 | D:5      | 3759 ||| INVOKING Heroism.
  3762 | D:5      | Reached skill level 3 in Dodging
  3780 | D:5      | 3780 ||| INVOKING Heroism.
  3783 | D:5      | Reached skill level 3 in Invocations
  3850 | D:5      | 3850 ||| DRINKING potion of curing.
  3850 | D:5      | 3850 ||| (to cure confusion)
  3852 | D:5      | 3852 ||| Stepping ~*~*~tactically~*~*~ (outnumbered).
  3858 | D:5      | 3858 ||| INVOKING Heroism.
  3860 | D:5      | HP: 13/59 [kobold brigand/bolt of light (5)]
  3864 | D:5      | Killed from afar by a kobold brigand

Levels and vault maps discovered:
D:1:      wander_arrival_lonely_grave, layout_basic, serial_shops, shop
D:2:      layout_loops_ring, serial_shops, nicolae_square_shop,
          ebering_ecumenical_altar_mist, uniq_robin
D:3:      layout_loops_cross, mainiacjoe_overflow_chevrons, uniq_terence
D:4:      layout_basic
D:5:      layout_gridville, nicolae_tso_carved_into_rock, lemuel_tele_altar,
          nicolae_wu_jian_immortal_techniques,
          mainiacjoe_overflow_surrounded_room, gammafunk_temple_overflow_statue,
          serial_shops, shop

Skill      XL: |  1  2  3  4  5  6  7 |
---------------+----------------------+-----
Ranged Weapons | 3 4 5 6 7 |  7.3
Fighting       | 2 3 4 |  4.2
Armour         | 1 |  1.1
Invocations    | 1 3 |  3.1
Dodging        | 3 |  3.0
Spellcasting   | |  1.0
Hexes          | |  2.0

Action                     |  1- 3 |  4- 6 |  7- 9 || total
---------------------------+-------+-------+-------++-------
   Fire: Sling             |   144 |   186 |    20 ||   350
 Invoke: Heroism           |       |     1 |     4 ||     5
    Use: Scroll            |       |     5 |       ||     5
         Potion            |       |     2 |     1 ||     3
 Armour: Robe              |    18 |     4 |       ||    22
         Leather armour    |       |    11 |       ||    11
         Ring mail         |       |    28 |     3 ||    31
  Dodge: Dodged            |    36 |    94 |     7 ||   137

Table legend:
 A = Non-vault XP
 B = Vault XP
 C = Vault XP percentage of total XP
 D = Non-vault monster count
 E = Vault monster count
 F = Vault count percentage of total count
                 A         B        C        D         E       F
            +---------+---------+-------+---------+---------+-------
      Total |    1019 |      73 |   6.7 |      97 |      12 |  11.0
            +---------+---------+-------+---------+---------+-------
        D:1 |      48 |       4 |   7.7 |      28 |       2 |   6.7
        D:2 |      70 |      31 |  30.7 |      20 |       9 |  31.0
        D:3 |      79 |      38 |  32.5 |      21 |       1 |   4.5
        D:4 |     313 |       0 |   0.0 |      17 |       0 |   0.0
        D:5 |     509 |       0 |   0.0 |      11 |       0 |   0.0
            +---------+---------+-------+---------+---------+-------
